 Dungeon Crawl Stone Soup version 0.28.0 (webtiles) character file.

Game seed: 18099126458679019900

6976 jjjjhere the Destroyer (level 11, -3/54 HPs)
             Began as a Gargoyle Conjurer on Feb 13, 2022.
             Was a Believer of Sif Muna.
             Killed from afar by an acid dragon (28 damage)
             ... with a splash of acid
             ... on level 8 of the Dungeon on Feb 14, 2022.
             The game lasted 00:27:00 (12585 turns).

jjjjhere the Destroyer (Gargoyle Conjurer)         Turns: 12585, Time: 00:27:01

Health: -3/54      AC: 14    Str: 15    XL:     11   Next: 8%
Magic:  20/34      EV: 14    Int: 23    God:    Sif Muna [**....]
Gold:   552        SH:  8    Dex:  8    Spells: 14/30 levels left

rFire   . . .      SeeInvis .   A - +5 war axe "Touvviom" {vorpal, rElec Str+4, !a}
rCold   . . .      Faith    .   C - +0 kite shield
rNeg    + . .      Spirit   .   l - +2 robe
rPois   ∞          Reflect  .   (no helmet)
rElec   +          Harm     .   (no cloak)
rCorr   .          Rampage  .   e - +1 pair of gloves
Will    .....                   (no boots)
Stlth   +.........              q - amulet of magic regeneration
HPRegen 0.18/turn               B - +4 ring of evasion
MPRegen 0.64/turn               u - ring of magical power

@: glowing
A: sickness immunity, AC +8, negative energy resistance 1, electricity
resistance, torment resistance 1, petrification resistance
a: Renounce Religion, Channel Magic


You were on level 8 of the Dungeon.
You worshipped Sif Muna.
Sif Muna was pleased with you.
You visited 2 branches of the dungeon, and saw 10 of its levels.

You collected 608 gold pieces.
You spent 56 gold pieces at shops.

Inventory:

Hand Weapons
 a - a +0 vampiric dagger
 n - a +1 short sword of venom
 A - the +5 war axe "Touvviom" (weapon) {vorpal, rElec Str+4, !a}
   (You took it off a human on level 7 of the Dungeon)

   It inflicts extra damage upon your enemies.
   Str:       It affects your strength (+4).
   rElec:     It insulates you from electricity.
Missiles
 c - a throwing net
 g - 540 stones
 h - 2 curare-tipped darts
Armour
 e - a +1 pair of gloves (worn)
 l - a +2 robe (worn)
 C - a +0 kite shield (worn)
Jewellery
 m - a ring of protection from fire
 q - an amulet of magic regeneration (around neck)
 u - a ring of magical power (right hand)
 B - a +4 ring of evasion (left hand)
 F - a +6 ring of intelligence
 G - a +6 ring of dexterity
Wands
 o - a wand of mindburst (16)
 s - a wand of digging (6)
Scrolls
 b - 3 scrolls of fog
 f - 3 scrolls of teleportation
 i - a scroll of silence {unknown}
 k - a scroll of enchant weapon {unknown}
 t - a scroll of magic mapping {unknown}
 w - a scroll of holy word {unknown}
 y - a scroll of enchant armour
 E - a scroll of amnesia {unknown}
Potions
 d - 2 potions of brilliance
 j - 4 potions of haste
 p - a potion of attraction
 r - a potion of ambrosia {unknown}
 v - 5 potions of mutation
 x - a potion of berserk rage {unknown}
 z - 2 potions of curing {unknown}
 D - 2 potions of lignification {unknown}


   Skills:
 - Level 1.5 Dodging
 - Level 2.1 Stealth
 + Level 5.3 Shields
 + Level 10.4 Spellcasting
 + Level 11.7 Conjurations
 - Level 2.0 Earth Magic
 - Level 5.6 Invocations


You had 14 spell levels left.
You knew the following spells:

 Your Spells              Type           Power      Damage    Failure   Level
a - Sandblast             Erth           42%        2d11      7%          1
b - Searing Ray           Conj           100%       2d8       1%          2
c - Magic Dart            Conj           100%       1d8       1%          1
d - Stone Arrow           Conj/Erth      86%        3d12      2%          3
e - Passwall              Tmut/Erth      13%        N/A       16%         2
f - Iskenderun's Mystic   Conj/Tloc      38%        2d9       14%         4
g - Mephitic Cloud        Conj/Pois/Air  29%        N/A       9%          3

Your spell library contained the following spells:

 Spells                   Type           Power      Damage    Failure   Level
 Dazzling Flash           Conj/Hex       76%        N/A       4%          3
 Fulminant Prism          Conj/Hex       19%        3d11      14%         4
 Call Imp                 Summ           11%        N/A       22%         2
 Portal Projectile        Hex/Tloc       22%        N/A       41%         3
 Blade Hands              Tmut           5%         N/A       99%         5
 Excruciating Wounds      Necr           5%         N/A       99%         5


Dungeon Overview and Level Annotations

Branches:
Dungeon (9/15)             Temple (1/1) D:6            Lair (0/6) D:9
    Orc: D:9-12

Altars:
Cheibriados
Elyvilon
Fedhas
Gozag
Hepliaklqana
Okawaru
Qazlal
Ru
Sif Muna
Uskayaw
Vehumet
Wu Jian
Xom
Yredelemnul
Zin
The Shining One

Shops:
D:3 *[=(   D:4 (

Annotations:
D:9 4 runed translucent doors, pkoi's ghost, novice MiHu


Innate Abilities, Weirdness & Mutations

You are immune to sickness and miasma.
Your stone body is resilient. (AC +8)
You are immune to poison.
You resist negative energy. (rN+)
You are resistant to electric shocks. (rElec)
You are resistant to unholy torment.
You are immune to petrification.


Message History

The searing ray hits the orc warrior.
The orc warrior is almost dead.
The searing ray hits the orc warrior.
You kill the orc warrior!
Sif Muna accepts your kill.
The searing ray hits the acid dragon.
The acid dragon is lightly wounded.
You finish channelling your searing ray.
Casting: Searing Ray (safe; 1% risk of failure)
Confirm with . or Enter, or press ? or * to list all spells.
Aiming: Mephitic Cloud (dangerous; 9% risk of failure)
Press: ? - help, Shift-Dir - straight line The ball explodes into a vile cloud!
The stinking cloud engulfs the acid dragon but does no damage.
The acid dragon is lightly wounded.
The orc wizard casts a spell.
The orc wizard flickers and vanishes for a moment.
Casting: Mephitic Cloud (dangerous; 9% risk of failure)
Confirm with . or Enter, or press ? or * to list all spells.
You can't see any susceptible monsters within range! (Use Z to cast anyway.)
Casting: Mephitic Cloud (dangerous; 9% risk of failure)
Confirm with . or Enter, or press ? or * to list all spells.
Aiming: Searing Ray (safe; 1% risk of failure)
Press: ? - help, Shift-Dir - straight line The searing ray hits the acid dragon.
The acid dragon is lightly wounded. (Press . to maintain the ray.)
The searing ray hits the acid dragon!
The acid dragon is heavily wounded.
The acid dragon spits acid at you. The splash of acid hits you!!
Ouch! That really hurt!
The searing ray hits the acid dragon.
The acid dragon is heavily wounded.
The searing ray hits the orc wizard.
The orc wizard is moderately wounded.
The acid dragon spits acid at you. The splash of acid hits you!!
Ouch! That really hurt!
You die...

###### ######.##
##.###.. ###..##.## ###
### # #####.†.#...# #
### ##....#####..#######
.>## #...### #...##...##
...## #..## #.........#
....#
#.################### #
###.#
###..........☼○....# # #
### #.......@D☼o$....#
## #..#####..#####..#
##. #......#.(#.....
##.# ###...[..#..#.....
##.## #
##.#####..#..#..###
####.##
######.##......#[.#.....
#....#
......###......#).#.o...
#...## ###...#
#..#####..#####. #...#
##### #......#..#.....
##.##


You could see an acid dragon (catching breath) and an orc wizard (invisible).

Vanquished Creatures
  A two-headed ogre (D:8)
  A komodo dragon (D:9)
  Sigmund (D:4)
  5 yaks
  2 wyverns
  A basilisk (D:9)
  A wraith (D:6)
  4 humans (D:7)
  Menkaure (D:5)
  2 water moccasins (D:6)
  3 orc warriors
  An ice beast (D:7)
  A sky beast (D:6)
  A black bear (D:8)
  3 necrophages
  3 centaurs
  A phantom (D:5)
  A kobold brigand (D:8)
  8 bullfrogs
  6 scorpions
  2 gnoll sergeants
  A wyvern zombie (D:8)
  A water moccasin skeleton (D:6)
  3 killer bees (D:9)
  A wight (D:8)
  4 electric eels (D:9)
  2 howler monkeys
  2 centaur zombies
  A jelly (D:6)
  2 hounds
  3 orc priests
  A bullfrog skeleton (D:5)
  Jessica (D:3)
  3 iguanas
  Natasha (thrice) (D:2)
  6 orc wizards
  A hound skeleton (D:5)
  2 howler monkey zombies
  19 gnolls
  A howler monkey skeleton (D:5)
  17 adders
  2 white imps (D:7)
  2 ufetubi
  3 worms
  2 dart slugs
  11 orcs
  13 bats
  5 endoplasms
  A giant cockroach (D:4)
  34 goblins
  24 hobgoblins
  3 quokkas
  5 ball pythons
  4 frilled lizards (D:2)
  5 kobolds
  A quokka skeleton (D:4)
  3 rats
241 creatures vanquished.

Vanquished Creatures (others)
  An orc wizard (D:9)
  10 fungi
  11 plants
22 creatures vanquished.

Grand Total: 263 creatures vanquished

Notes
Turn   | Place    | Note
-------+----------+-------------------------------------------
     0 | D:1      | jjjjhere the Gargoyle Conjurer began the quest for the Orb.
     0 | D:1      | Reached XP level 1. HP: 10/10 MP: 3/3
   306 | D:1      | Reached XP level 2. HP: 10/15 MP: 3/5
   309 | D:1      | Learned a level 2 spell: Searing Ray
  1057 | D:2      | Reached XP level 3. HP: 19/19 MP: 0/6
  1147 | D:2      | Reached skill level 5 in Conjurations
  1245 | D:2      | HP: 6/19 [adder (4)]
  1576 | D:2      | Reached XP level 4. HP: 24/24 MP: 3/8
  1681 | D:2      | Learned a level 1 spell: Sandblast
  1685 | D:2      | Learned a level 3 spell: Stone Arrow
  1799 | D:2      | Noticed Natasha
  1803 | D:2      | Killed Natasha
  1804 | D:2      | Reached skill level 1 in Earth Magic
  2203 | D:2      | Found a faded altar of an unknown god.
  2474 | D:2      | Noticed Natasha
  2479 | D:2      | Killed Natasha
  2480 | D:2      | Reached XP level 5. HP: 28/28 MP: 5/10
  2597 | D:2      | Noticed Natasha
  2600 | D:2      | Killed Natasha
  2840 | D:3      | Noticed a necrophage
  2853 | D:3      | Killed a necrophage
  2854 | D:3      | Reached skill level 6 in Conjurations
  2854 | D:3      | Reached XP level 6. HP: 32/32 MP: 1/12
  3033 | D:3      | Found Nuril's General Store.
  3069 | D:3      | Bought a scroll of identify for 28 gold pieces
  3069 | D:3      | Bought a scroll of identify for 28 gold pieces
  3126 | D:3      | Found Debbi's Armour Emporium.
  3326 | D:3      | Noticed Jessica
  3329 | D:3      | Killed Jessica
  3678 | D:3      | Found Posupn Nede's Weapon Emporium.
  3726 | D:3      | Found Citeqig's Jewellery Emporium.
  3875 | D:4      | Noticed Sigmund
  3883 | D:4      | Killed Sigmund
  3884 | D:4      | Reached skill level 7 in Conjurations
  3884 | D:4      | Reached XP level 7. HP: 32/36 MP: 4/14
  3953 | D:4      | Learned a level 2 spell: Passwall
  4210 | D:4      | Reached skill level 5 in Spellcasting
  4560 | D:4      | Found Pekkego's Weapon Emporium.
  5949 | D:4      | Learned a level 4 spell: Iskenderun's Mystic Blast
  5953 | D:4      | Learned a level 3 spell: Mephitic Cloud
  6156 | D:5      | Entered Level 5 of the Dungeon
  6547 | D:5      | Reached skill level 8 in Conjurations
  6547 | D:5      | Reached XP level 8. HP: 21/41 MP: 7/16
  6749 | D:5      | You fall into a shaft and drop 3 floors!
  6765 | D:8      | Noticed a wyvern
  6984 | D:6      | Found a glowing silver altar of Zin.
  7069 | D:6      | Found a staircase to the Ecumenical Temple.
  7083 | Temple   | Entered the Ecumenical Temple
  7132 | Temple   | Became a worshipper of Sif Muna the Loreminder
  7337 | D:6      | Noticed a wraith
  7537 | D:5      | Reached skill level 9 in Conjurations
  7650 | D:5      | Noticed Menkaure
  7657 | D:5      | Killed Menkaure
  8255 | D:6      | Reached XP level 9. HP: 40/45 MP: 20/20
  8467 | D:6      | Reached skill level 10 in Conjurations
  8510 | D:6      | Reached * piety under Sif Muna
  8717 | D:6      | Reached skill level 1 in Invocations
  9518 | D:7      | Identified the +5 war axe "Touvviom" {vorpal, rElec Str+4}
 10269 | D:7      | Reached skill level 5 in Invocations
 10269 | D:7      | Reached XP level 10. HP: 18/50 MP: 20/23
 10840 | D:9      | Found a runed translucent gate.
 10840 | D:9      | Found a runed translucent gate.
 10840 | D:9      | Found a runed translucent gate.
 10841 | D:9      | Noticed a spectral centaur warrior
 10841 | D:9      | Noticed pkoi's ghost (novice MiHu)
 10932 | D:9      | Identified the +6 rapier "Ciek" {vamp, rPois Will- Str-3
                  | Int+5}
 10945 | D:9      | Reached skill level 1 in Shields
 10969 | D:9      | Found the +8 demon blade "Leech" {vamp, Harm Drain rN+}
 11017 | D:9      | Reached ** piety under Sif Muna
 11637 | D:9      | Found a staircase to the Lair.
 11673 | D:9      | Found a runed translucent door.
 11678 | D:9      | Noticed a sixfirhy
 11713 | D:9      | Reached skill level 11 in Conjurations
 12222 | D:8      | Reached skill level 10 in Spellcasting
 12372 | D:8      | Noticed a two-headed ogre
 12400 | D:8      | Killed a two-headed ogre
 12450 | D:8      | Reached XP level 11. HP: 44/54 MP: 25/25
 12461 | D:8      | Reached skill level 5 in Shields
 12585 | D:8      | Killed from afar by an acid dragon

Illustrated notes

Levels and vault maps discovered:
D:1:      lordsloth_arrival_two_stooges, layout_loops_ring, serial_forest,
          infiniplex_forest_lined_corner, infiniplex_forest_clump_long,
          infiniplex_forest_straight_2, infiniplex_forest_straight_4,
          infiniplex_forest_lined_room_2, infiniplex_forest_end_3,
          infiniplex_forest_clump_medium, infiniplex_forest_straight_2,
          infiniplex_forest_zigzag_1
D:2:      layout_basic, shapermc_ecumenical_altar_hornbeckon, uniq_natasha
D:3:      layout_basic, serial_shops, nicolae_shop_behind_doors, shop_statue,
          nicolae_shop_crystal, shop, interstate_on_off, st_stairs_8,
          kennysheep_generic_room_14, uniq_jessica
D:4:      minmay_goblin_kobold_castle, layout_basic, serial_shops, shop,
          chequers_serial_rivers_micro_e, uniq_sigmund
D:5:      layout_cave_pools, due_unseen_surprise, uniq_menkaure
D:6:      old_forge, layout_cave_pods, zin_statuary,
          minmay_temple_entry_antechambers, serial_column_ruins,
          column_ruins_pillar_6, column_ruins_pillar_11, column_ruins_pillar_3,
          column_ruins_pillar_5, column_ruins_pillar_1, column_ruins_pillar_6,
          column_ruins_pillar_1, column_ruins_pillar_3, column_ruins_pillar_2,
          column_ruins_pillar_3, column_ruins_pillar_1, column_ruins_pillar_8,
          column_ruins_pillar_4, column_ruins_pillar_7, column_ruins_pillar_6,
          column_ruins_pillar_12, column_ruins_pillar_4, column_ruins_pillar_4,
          column_ruins_pillar_1, column_ruins_pillar_3
D:7:      layout_loops_ring, minmay_ruffians
D:8:      kennysheep_windowed_halls, layout_layer_cave
D:9:      cheibrodos_shockbox, layout_small_grid,
          grunt_lair_entry_orc_guard_hut, gammafunk_ghost_necromancy,
          disabler_island
Temple:   mainiacjoe_temple_archimedes_tessellation

Skill      XL: |  1  2  3  4  5  6  7  8  9 10 11 |
---------------+----------------------------------+-----
Conjurations   | 5 6 7 8 9 10 11 | 11.7
Spellcasting   | 3 4 5 7 9 10 | 10.4
Earth Magic    | 1 2 |  2.0
Invocations    | 5 |  5.6
Shields        | 4 5 |  5.3
Dodging        | |  1.5
Stealth        | |  2.1

Action                   |  1- 3 |  4- 6 |  7- 9 | 10-12 || total
-------------------------+-------+-------+-------+-------++-------
Melee: Dagger            |    30 |    39 |    20 |       ||    89
       Short sword       |       |       |    29 |       ||    29
       War axe           |       |       |       |     8 ||     8
 Cast: Magic Dart        |    18 |    14 |    44 |    21 ||    97
       Searing Ray       |     6 |    20 |    79 |    45 ||   150
       Sandblast         |       |     1 |    34 |    14 ||    49
       Passwall          |       |       |     2 |       ||     2
       Stone Arrow       |       |       |     1 |       ||     1
       Iskenderun's Myst |       |       |     4 |     1 ||     5
       Mephitic Cloud    |       |       |     1 |    13 ||    14
  Use: Scroll            |       |     2 |     7 |     1 ||    10
 Stab: Sleeping          |     1 |     1 |       |       ||     2
Armor: Robe              |    17 |    26 |   135 |    44 ||   222
Dodge: Dodged            |    22 |    42 |   136 |    56 ||   256
Block: Kite shield       |       |       |       |    29 ||    29
